[Event "*** Titled Tuesday Blitz"]
[Site "Chess.com"]
[Date "2020.11.24"]
[Round "1"]
[White "GodDMuhammad"]
[Black "Margency"]
[Result "0-1"]
[WhiteElo "2334"]
[BlackElo "2651"]
[TimeControl "180+1"]
[EndTime "10:22:21 PST"]
[Termination "Margency won by checkmate"]

1. f4 d5 2. Nf3 c5 3. g3 Nc6 4. Bg2 Nf6 5. d3 g6 6. c3 Bg7 7. Qc2 Bf5 8. Nbd2 c4 9. Nh4 cxd3 10. exd3 Bd7 11. d4 O-O 12. O-O Rc8 13. Qd3 b5 14. Ndf3 b4 15. Ne5 bxc3 16. bxc3 Na5 17. Re1 Nc4 18.
Nxc4 dxc4 19. Qf1 Bc6 20. Ba3 Re8 21. f5 Bxg2 22. Qxg2 Nd5 23. fxg6 hxg6 24. Bc5 Nxc3 25. Nf3 Nd5 26. Bxa7 Qa5 27. Bc5 Rxc5 28. dxc5 Bxa1 29. Rxa1 Qxc5+ 30. Kh1 c3 31. Qe2 Rb8 32. Qe5 Rb2 33.
Nd4 Qd6 34. Qxd6 exd6 35. a3 Nb6 36. Rc1 Na4 37. Kg1 d5 38. Kf1 Rxh2 39. Kg1 Rd2 40. Nb5 d4 41. Kf1 Kg7 42. Ke1 Rh2 43. Rd1 Nb2 44.
Rxd4 c2 45. Rc4 Nxc4 46. Nd4 c1=Q# 0-1

[Event "*** Titled Tuesday Blitz"]
[Site "Chess.com"]
[Date "2020.11.24"]
[Round "1"]
[White "santosalberto1987"]
[Black "Quiet_Desperation"]
[Result "0-1"]
[WhiteElo "2452"]
[BlackElo "1658"]
[TimeControl "180+1"]
[EndTime "10:22:21 PST"]
[Termination "Quiet_Desperation won by checkmate"]

1. e4 e6 2. d4 d5 3. Nc3 Nf6 4.
e5 Nfd7 5. Nce2 c5 6. c3 Nc6 7. Nf3 Qb6 8. a3 c4 9. h4 Na5 10. Nf4 Qb3 11. Be2 Qxd1+ 12. Bxd1 Be7 13. Bc2 h6 14. Rh3 b5 15. Rg3 Kf8 16. Nh5 g6 17. Nf4 Rg8 18. Be3 Nb6 19. Ne2 Kg7 20. Nh2 h5 21. Nf3 Nb3 22. Rb1 a5 23. Bg5 Bxg5 24.
Nxg5 b4 25. Nf4 bxc3 26. bxc3 Bd7 27. Rf3 Rgf8 28. Bxb3 cxb3 29. Rxb3 Rab8 30. Nd3 Ba4 31. Rb2 Nc4 32. Rxb8 Rxb8 33. Rxf7+ Kg8 34. Nf4 Rb1+ 35. Ke2 Bd1+ 36. Kd3 Rb2 37. Nxd5 exd5 38. Rd7 Rd2# 0-1

[Event "*** Titled Tuesday Blitz"]
[Site "Chess.com"]
[Date "2020.11.24"]
[Round "1"]
[White "Sinquefield"]
[Black "Love_craft"]
[Result "1-0"]
[WhiteElo "2352"]
[BlackElo "2589"]
[TimeControl "180+1"]
[EndTime "10:22:22 PST"]
[Termination "Sinquefield won by checkmate"]

1. e4 g6 2. d4 Bg7 3. Nc3 d6 4. Be3 a6 5. Qd2 b5 6. O-O-O Bb7 7. f3 Nd7 8. h4 h5 9. Nh3 Rc8 10. Ng5 c5 11. g4 hxg4 12. fxg4 Ngf6 13. Bg2 Nxg4 14. Bg1 cxd4 15. Bxd4 Nge5 16. Rdf1 Nf6 17. Nd5 Bxd5 18. exd5 Rc4 19. Kb1 Qc7 20. Bxe5 dxe5 21.
d6 Qxd6 22. Qa5 O-O 23. Rd1 Qb4 24. Qxa6 e4 25. a3 Qc5 26. c3 Ng4 27. Rhe1 Nf2 28. Nxe4 Nxe4 29. Bxe4 Rxc3 30. bxc3 Qxc3 31. Qxb5 Rc8 32.
Ka2 Rc5 33. Qb3 Qf6 34. Rf1 Qe5 35. Qxf7+ Kh8 36. Qe8+ Kh7 37. Qxg6+ Kh8 38. Qh7# 1-0

[Event "*** Titled Tuesday Blitz"]
[Site "Chess.com"]
[Date "2020.11.24"]
[Round "1"]
[White "ChessWarrior7197"]
[Black "geordie_derraugh"]
[Result "1-0"]
[WhiteElo "3002"]
[BlackElo "2463"]
[TimeControl "180+1"]
[EndTime "10:22:23 PST"]
[Termination "ChessWarrior7197 won by resignation"]

1. c4 e5 2. Nc3 Nc6 3. Nf3 f5 4. d4 e4 5. d5 exf3 6. dxc6 bxc6 7. exf3 Bc5 8. Bd3 Qe7+ 9. Kf1 d6 10. g3 Nf6 11. Kg2 O-O 12. Na4 Bb6 13. b3 Bd4 14. Rb1 c5 15. Re1 Qf7 16. Be3 Bb7 17. Kg1 Bxe3 18. fxe3 Qh5 19. Be2 Rae8 20. f4 Ng4 21.
Bxg4 fxg4 22. Nc3 Rf6 23. e4 Qh3 24. Rb2 Rxf4 25. gxf4 Qxc3 26. Rbe2 g3 27. Re3 gxh2+ 28. Kxh2 Qf6 29. Qg4 Qh6+ 30. Kg1 Re6 31. Rg3 Rxe4 32.
Rxe4 Bxe4 33. Qc8+ Kf7 34. Qxc7+ Kf8 35. Qd8+ Kf7 36. Qd7+ Kf8 37. Qh3 Qxf4 38. Qc8+ Ke7 39. Rxg7+ Kf6 40. Qf8+ Ke5 41. Re7+ 1-0

[Event "*** Titled Tuesday Blitz"]
[Site "Chess.com"]
[Date "2020.11.24"]
[Round "1"]
[White "ukchessbomber"]
[Black "Gusarov91"]
[Result "0-1"]
[WhiteElo "2343"]
[BlackElo "2662"]
[TimeControl "180+1"]
[EndTime "10:22:23 PST"]
[Termination "Gusarov91 won by resignation"]

1. d4 Nf6 2. c4 g6 3. Nc3 d5 4.
cxd5 Nxd5 5. e4 Nb6 6. Be3 Bg7 7. h4 h5 8. Be2 Nc6 9. d5 Ne5 10. Nf3 Nxf3+ 11. Bxf3 e6 12. Bd4 O-O 13. Bxg7 Kxg7 14. Qd4+ Qf6 15. e5 Qd8 16. d6 cxd6 17. exd6+ Qf6 18. Qxf6+ Kxf6 19. O-O-O Rd8 20. Ne4+ Kg7 21. Nc5 Nd7 22. Nxb7 Bxb7 23. Bxb7 Rab8 24. Bf3 Rb6 25. Rd2 Ne5 26. Rhd1 Nc4 27. Rd4 Nxd6 28. b4 Rc8+ 29.
Kb1 Nf5 30. Rf4 a5 31. a3 axb4 32. axb4 Rcb8 33. g3 Rxb4+ 34. Rxb4 Rxb4+ 35. Kc1 Rb3 36. Be4 Ne7 37. Rd7 Kf6 38. Kc2 Ra3 39. Kd2 Ra2+ 40. Ke3 Ra3+ 41. Ke2 Ra4 42. Ke3 Ra6 43. Rc7 Rd6 44.
Ra7 Rd1 45. Ke2 Rd8 46. Ke3 Re8 47. Ke2 Kg7 48. Rd7 Ng8 49. Ra7 Nf6 50. Bc6 Rc8 51.
Bf3 e5 52. Re7 Rc5 53. Kd3 Kf8 54. Ra7 Rb5 55. Ra8+ Kg7 56. Ra7 Rb4 57. Re7 Rb5 58. Ke2 Kf8 59. Ra7 e4 60. Ra8+ Kg7 61. Bh1 Rb2+ 62.
Ke3 Rb1 63. Bg2 Rg1 64. Bh3 Rh1 65. Bg2 Rh2 66. Bh3 Rxh3 0-1

[Event "*** Titled Tuesday Blitz"]
[Site "Chess.com"]
[Date "2020.11.24"]
[Round "1"]
[White "Siniauski"]
[Black "queen_iryna"]
[Result "1/2-1/2"]
[WhiteElo "2545"]
[BlackElo "2256"]
[TimeControl "180+1"]
[EndTime "10:22:23 PST"]
[Termination "Game drawn by repetition"]

1. e4 d6 2. d4 Nf6 3. Nc3 e5 4. Nge2 Nc6 5. d5 Ne7 6. g3 Ng6 7. Bg2 h5 8. Bg5 Be7 9. h4 Ng4 10. Bxe7 Qxe7 11. Qd2 Bd7 12. f3 Nh6 13. O-O-O f5 14.
Bh3 Rf8 15. Qg5 Qxg5+ 16. hxg5 Nf7 17. exf5 Nxg5 18. fxg6 Nxh3 19. f4 Nf2 20. Rxh5 Nxd1 21. Kxd1 exf4 22. gxf4 O-O-O 23. Rh7 Bg4 24. Rxg7 Rxf4 25.
Ke1 Re8 26. Rh7 Bxe2 27. Nxe2 Rg4 28. g7 Rg8 29. Kd2 R4xg7 30. Rh4 Rg2 31. Kd3 Re8 32. Nd4 Reg8 33. Ne2 Rf8 34. Nf4 Rf2 35. Ne6 R8f3+ 36. Ke4 b6 37. Rh8+ Kb7 38. Nd8+ Ka6 39. Nc6 Rf4+ 40. Ke3 R4f3+ 41. Ke4 Rf4+ 42. Ke3 R4f3+ 43.
Ke4 1/2-1/2

[Event "*** Titled Tuesday Blitz"]
[Site "Chess.com"]
[Date "2020.11.24"]
[Round "1"]
[White "louis198"]
[Black "ajedrezhoy"]
[Result "1-0"]
[WhiteElo "2533"]
[BlackElo "2224"]
[TimeControl "180+1"]
[EndTime "10:22:24 PST"]
[Termination "louis198 won on time"]

1. d4 Nf6 2. c4 c5 3. e3 e6 4. Nf3 d5 5. Nc3 a6 6. a4 cxd4 7. exd4 Nc6 8. c5 b6 9. cxb6 Qxb6 10. Be2 Be7 11. O-O O-O 12. h3 Bd7 13. b3 Rfb8 14.
Bf4 Rb7 15. Rb1 Bb4 16. Na2 Ne4 17. Qc2 Nxd4 18. Nxd4 Qxd4 19. Be3 Qe5 20. Nxb4 Rxb4 21. Rfc1 h6 22. Bf3 Rb7 23. Qd3 Nd6 24. Bd4 Qf5 25. Qe3 Qg6 26. Qe5 Nf5 27. Ba1 f6 28. Qf4 Qg5 29. Qxg5 hxg5 30. Rc5 Kf7 31. Rxd5 exd5 32.
Bxd5+ Be6 33. Bxb7 Rb8 34. Bxa6 Rxb3 35. Rxb3 Bxb3 36.
a5 Nd6 37. Bd4 Nc4 38. Bc3 Ke6 39. Bb7 Kd6 40. a6 Kc7 41. Bd4 Nd6 42. Bf3 Bc4 43.
a7 1-0

[Event "*** Titled Tuesday Blitz"]
[Site "Chess.com"]
[Date "2020.11.24"]
[Round "1"]
[White "UCantHandleDenker"]
[Black "Campelov"]
[Result "1-0"]
[WhiteElo "2523"]
[BlackElo "2181"]
[TimeControl "180+1"]
[EndTime "10:22:24 PST"]
[Termination "UCantHandleDenker won by resignation"]

1. Nf3 Nf6 2. d4 g6 3. g3 Bg7 4.
Bg2 d6 5. b3 O-O 6. O-O Nbd7 7.
Bb2 c6 8. c4 Qb6 9. Nc3 Re8 10.
d5 Nc5 11. Nd4 e5 12. dxe6 fxe6 13. Nf3 Qc7 14. Rc1 Nfe4 15. Qc2 Nxc3 16. Bxc3 Bxc3 17. Qxc3 e5 18. Rfd1 Bf5 19. b4 Ne4 20. Qe3 Nf6 21. Ng5 Rad8 22. a3 Qe7 23. Nf3 Kg7 24. Qxa7 Ra8 25. Qe3 Ng4 26. Qc3 Kg8 27. h3 Nf6 28. Nh4 Be6 29. Ra1 Bf7 30. Nf3 h6 31. Qe3 Kh7 32. Qc3 Ne4 33. Qe3 Nf6 34. Rdc1 d5 35. cxd5 cxd5 36. Qc5 Qd7 37. Qc7 Rac8 38. Qxd7 Nxd7 39. h4 e4 40. Nd4 Ne5 41. Bh3 Rxc1+ 42.
Rxc1 Nc4 43. a4 Ra8 44. a5 Rd8 45. e3 g5 46. hxg5 hxg5 47. Bf5+ Kg7 48. Kg2 Kf6 49. Bg4 Rd7 50. Bxd7 1-0

[Event "*** Titled Tuesday Blitz"]
[Site "Chess.com"]
[Date "2020.11.24"]
[Round "1"]
[White "Semen_Khanin"]
[Black "MaxLeto"]
[Result "1/2-1/2"]
[WhiteElo "2780"]
[BlackElo "2410"]
[TimeControl "180+1"]
[EndTime "10:22:25 PST"]
[Termination "Game drawn - insufficient material"]

1. e4 c5 2. Nf3 d6 3. d4 cxd4 4.
Nxd4 Nf6 5. Nc3 a6 6. f3 e6 7. Be3 b5 8. Qd2 Nbd7 9. g4 h6 10. O-O-O Bb7 11. h4 b4 12. Nce2 d5 13. exd5 Nxd5 14. Nf4 Nxe3 15. Qxe3 Qb6 16. Bc4 O-O-O 17.
Nd3 Nf6 18. Ne5 Bc5 19. Nxf7 Bxd4 20. Qxe6+ Qxe6 21. Bxe6+ Kc7 22. Nxh8 Bxf3 23. Rxd4 Rxd4 24. Re1 Bxg4 25. Bb3 Kd6 26. Nf7+ Kc5 27. c3 Re4 28. cxb4+ Kxb4 29. Rg1 Bf5 30. Rxg7 Rxh4 31. Ne5 Rh1+ 32.
Kd2 Rh2+ 33. Ke3 Rxb2 34. Rf7 Ng4+ 35. Kf4 Nxe5 36. Kxe5 Bb1 37. Rb7+ Ka3 38. Ra7 Bxa2 39. Bxa2 Rxa2 40. Rxa6+ Kb3 41. Rxa2 Kxa2 42. Kf5 Kb3 43. Kg6 Kc4 44. Kxh6 1/2-1/2

[Event "*** Titled Tuesday Blitz"]
[Site "Chess.com"]
[Date "2020.11.24"]
[Round "1"]
[White "Tartody"]
[Black "ChessQueen"]
[Result "0-1"]
[WhiteElo "2377"]
[BlackElo "2745"]
[TimeControl "180+1"]
[EndTime "10:22:25 PST"]
[Termination "ChessQueen won on time"]

1. Nf3 Nf6 2. b3 g6 3. Bb2 Bg7 4. g3 c5 5. c4 Nc6 6. Bg2 O-O 7. O-O b6 8. Nc3 Bb7 9. Ne5 Qb8 10. f4 Nd4 11. Nd5 Nxd5 12. cxd5 Rd8 13. e3 Nb5 14. a4 Nd6 15. g4 f6 16. Nc4 e6 17. g5 exd5 18. gxf6 dxc4 19. fxg7 Bxg2 20. Kxg2 Qb7+ 21. Kg1 Qd5 22. bxc4 Nxc4 23. Qb3 Qf7 24. Bc3 d5 25. Be5 d4 26. exd4 Nxe5 27. Qg3 Nc4 28. dxc5 bxc5 29. f5 gxf5 30. Kh1 Nxd2 31. Rf4 Ne4 32. Qh3 Ng5 33.
Qf1 Qd5+ 34. Kg1 Rd7 35. Rxf5 Qd4+ 36. Kh1 Rxg7 37. Re1 Ne4 0-1

[Event "*** Titled Tuesday Blitz"]
[Site "Chess.com"]
[Date "2020.11.24"]
[Round "1"]
[White "CzechmVIII"]
[Black "bratkoo"]
[Result "0-1"]
[WhiteElo "2138"]
[BlackElo "2516"]
[TimeControl "180+1"]
[EndTime "10:22:25 PST"]
[Termination "bratkoo won by resignation"]

1. e4 e6 2. d4 d5 3. Nc3 Nf6 4. Bg5 Be7 5. e5 Nfd7 6. Bxe7 Qxe7 7. f4 O-O 8. Nf3 c5 9. dxc5 Nc6 10. Bd3 f6 11.
exf6 Rxf6 12. g3 Qxc5 13. Qe2 a6 14. Qf2 Qa5 15. Qd2 e5 16. Nxe5 Ndxe5 17. fxe5 Nxe5 18. O-O-O d4 19. Ne4 Qxd2+ 20. Rxd2 Rc6 21. Rf1 Bh3 22. Rf4 Rac8 23. Bf1 Be6 24. Kb1 h6 25. h4 d3 26.
c3 b5 27. a3 Rd8 28. Nf2 Rcd6 29. Rd4 Rxd4 30. cxd4 Rxd4 31. Kc1 Rc4+ 32. Kd1 Bg4+ 33. Nxg4 Rxg4 34. Bxd3 Rxg3 35. Be4 Rg4 36. Rd8+ Kf7 37.
Bb7 Rxh4 38. a4 b4 39. Bxa6 Rh1+ 40. Ke2 Rh2+ 41. Ke3 Rxb2 42. Rb8 Rb3+ 43. Kd4 Nc6+ 0-1

[Event "*** Titled Tuesday Blitz"]
[Site "Chess.com"]
[Date "2020.11.24"]
[Round "1"]
[White "shaheus"]
[Black "PriSachu"]
[Result "0-1"]
[WhiteElo "2208"]
[BlackElo "2531"]
[TimeControl "180+1"]
[EndTime "10:22:27 PST"]
[Termination "PriSachu won by resignation"]

1. e4 e5 2. Nf3 Nc6 3. d4 exd4 4.
Nxd4 Qf6 5. Be3 Bc5 6. Nb5 Bxe3 7. fxe3 Qh4+ 8. g3 Qd8 9. Qg4 g6 10. Qf4 d6 11. Bc4 Ne5 12. O-O f5 13. Bxg8 Rxg8 14. exf5 gxf5 15. N1c3 a6 16. Nd4 Qg5 17. Nxf5 Bxf5 18.
Qxf5 Qxf5 19. Rxf5 O-O-O 20. e4 Rde8 21. Raf1 Nc4 22.
Rf7 h5 23. b3 Ne3 24. R1f2 Ng4 25. Re2 h4 26. Rf3 Ne5 27. Rfe3 Rg6 28. Kf1 Reg8 29. Rg2 Kd7 30. Nd5 c6 31. Nf4 Rg4 32. Ke2 Rxf4 33. gxf4 Rxg2+ 34. Kf1 Ng4 35. Kxg2 Nxe3+ 36. Kh3 Nxc2 37.
Kxh4 Ke6 38. Kg5 d5 39. exd5+ cxd5 40. f5+ Kf7 41. Kf4 Kf6 42. h4 Nd4 43. h5 Nxf5 44.
b4 Nh6 45. Ke3 Ke5 46. Kd3 d4 47. a4 Kd5 48. b5 axb5 49. axb5 b6 0-1

[Event "*** Titled Tuesday Blitz"]
[Site "Chess.com"]
[Date "2020.11.24"]
[Round "1"]
[White "FontVella8"]
[Black "parintele_chess"]
[Result "1-0"]
[WhiteElo "2527"]
[BlackElo "2198"]
[TimeControl "180+1"]
[EndTime "10:22:27 PST"]
[Termination "FontVella8 won by resignation"]

1. e4 c5 2. Nf3 Nc6 3. d4 cxd4 4. Nxd4 e5 5. Nb5 a6 6. Nd6+ Bxd6 7. Qxd6 Qf6 8. Qa3 Nge7 9. Nc3 d6 10. Be3 O-O 11. Rd1 Nd4 12. Bd3 Nec6 13. O-O Qg6 14. Kh1 f5 15. exf5 Bxf5 16. Bxf5 Rxf5 17. Nd5 Qf7 18.
Bxd4 exd4 19. c4 Rd8 20. Qg3 h6 21. b3 Rg5 22. Qd3 Rf8 23. f4 Rxd5 24. cxd5 Qxd5 25. Qf3 Qf7 26. a3 d5 27. b4 b5 28. Rc1 Rc8 29.
Rc5 Ne7 30. Rxc8+ Nxc8 31. Rc1 Nd6 32. g3 Ne4 33. Rd1 Qf6 34. Kg2 d3 35. Rxd3 Qb2+ 36.
Kg1 Qc1+ 37. Rd1 Qc4 38. Qd3 Qa2 39. Qxd5+ Qxd5 40. Rxd5 Nc3 41. Rd6 1-0

[Event "*** Titled Tuesday Blitz"]
[Site "Chess.com"]
[Date "2020.11.24"]
[Round "1"]
[White "kuban1991"]
[Black "andriipalchuk"]
[Result "1-0"]
[WhiteElo "2894"]
[BlackElo "2439"]
[TimeControl "180+1"]
[EndTime "10:22:28 PST"]
[Termination "kuban1991 won by resignation"]

1. Nf3 Nf6 2. g3 g6 3. Bg2 Bg7 4. O-O O-O 5. c4 d6 6. Nc3 e5 7. d3 Ne8 8. Rb1 f5 9. Bd2 Nf6 10. b4 Nc6 11. b5 Ne7 12. a4 h6 13. a5 g5 14. a6 Rb8 15. axb7 Bxb7 16. Qa4 Ra8 17. Ne1 Bxg2 18. Kxg2 Ng6 19. Nc2 f4 20.
Nd5 Nxd5 21. cxd5 Qd7 22. Qe4 Rf6 23. Nb4 h5 24. Nc6 g4 25. f3 gxf3+ 26. Rxf3 h4 27.
Rbf1 hxg3 28. hxg3 Qg4 29. Rh1 a6 30. b6 cxb6 31.
Kf1 a5 32. gxf4 exf4 33. Rg1 Qh5 34. Bc3 Ne5 35. Nxe5 dxe5 36. Bxe5 Rf7 37. Bxg7 Rxg7 38. Qe6+ Qf7 39. Rxg7+ Kxg7 40. Qg4+ Qg6 41. Qxf4 a4 42. Rg3 a3 43. Rxg6+ Kxg6 44. Qe4+ Kf6 45. d6 Ra7 46.
Qd4+ Ke6 47. Qxb6 Ra8 48. d7+ Kxd7 1-0

[Event "*** Titled Tuesday Blitz"]
[Site "Chess.com"]
[Date "2020.11.24"]
[Round "1"]
[White "JoachimMouhamad"]
[Black "enriquebutti"]
[Result "1-0"]
[WhiteElo "2476"]
[BlackElo "1957"]
[TimeControl "180+1"]
[EndTime "10:22:28 PST"]
[Termination "JoachimMouhamad won by resignation"]

1. e4 c5 2. Nf3 d6 3. d4 cxd4 4. Nxd4 Nf6 5. Nc3 a6 6. f3 e6 7.
Be3 b5 8. Qd2 Bb7 9. g4 Nfd7 10.
O-O-O Ne5 11. h4 Nbd7 12. h5 Rc8 13. Rg1 Nb6 14. Qe1 Nbc4 15. Bxc4 Nxc4 16. Bf2 Qc7 17. Nde2 b4 18. Na4 Nxb2 19. Qd2 Nxa4 20. Bd4 Nc3 21.
Bxc3 bxc3 22. Qd4 Qc5 23. Qa4+ Bc6 24. Qxa6 Rb8 25. Nd4 Bd7 26. Rd3 e5 27. Ne2 Bb5 28. Qa5 Bxd3 29. Qxc5 dxc5 30. cxd3 Be7 31. Nxc3 O-O 32.
Nd5 Bg5+ 33. Kc2 Rfd8 34. Rg2 Rxd5 35. exd5 Rd8 36. Kc3 Rxd5 37. a4 Rd4 38. Ra2 Bd8 39. a5 Rd7 40. a6 Bb6 41. Kc4 Ba7 42. Kb5 Kf8 43. Kc6 Ke7 44. Rb2 f6 45. Rb7 Rxb7 46. Kxb7 Bb8 47. Kxb8 1-0

[Event "*** Titled Tuesday Blitz"]
[Site "Chess.com"]
[Date "2020.11.24"]
[Round "1"]
[White "GregShahade"]
[Black "MillyNeuf"]
[Result "1-0"]
[WhiteElo "2735"]
[BlackElo "2385"]
[TimeControl "180+1"]
[EndTime "10:22:29 PST"]
[Termination "GregShahade won by checkmate"]

1. e4 e5 2. Nf3 Nc6 3. Bb5 a6 4. Ba4 Nf6 5. O-O Nxe4 6. d4 b5 7. Bb3 d5 8. dxe5 Be6 9. Nbd2 Nc5 10. c3 Be7 11. Bc2 d4 12. Nb3 dxc3 13. bxc3 Qxd1 14.
Rxd1 Rd8 15. Be3 Nd7 16. Be4 Ncxe5 17. Nxe5 Nxe5 18. Bd4 Bf6 19. Bb7 O-O 20. Bxa6 c6 21.
Nc5 Bd5 22. a4 bxa4 23. Rxa4 Ng4 24. Be2 Ne5 25. f4 Nd7 26. Nxd7 Rxd7 27. Bxf6 gxf6 28.
c4 Be6 29. Rxd7 Bxd7 30. c5 Rb8 31. Rd4 Be8 32. Bf3 Rb1+ 33. Kf2 Rc1 34. Rd8 Rxc5 35. Rxe8+ Kg7 36. Kg3 Rc1 37. Rc8 c5 38. Kg4 Kg6 39. Be4+ f5+ 40. Bxf5+ Kg7 41. Rc7 c4 42. Be6 c3 43.
Rxf7+ Kh6 44. Rc7 Re1 45. Bf5 Rc1 46. Rxh7# 1-0

[Event "*** Titled Tuesday Blitz"]
[Site "Chess.com"]
[Date "2020.11.24"]
[Round "1"]
[White "The_Machine04"]
[Black "isainz"]
[Result "1-0"]
[WhiteElo "2488"]
[BlackElo "2039"]
[TimeControl "180+1"]
[EndTime "10:22:29 PST"]
[Termination "The_Machine04 won on time"]

1. d4 Nf6 2. Bg5 c5 3. Bxf6 gxf6 4. d5 Qb6 5. Qc1 f5 6. c4 Bg7 7. Nc3 Na6 8. e3 d6 9. Bd3 Nb4 10. Be2 Qa5 11. a3 Na6 12. Nh3 Nc7 13. O-O a6 14. Nf4 Bd7 15. Qc2 b5 16. Rfd1 Rb8 17. Bd3 bxc4 18. Bxc4 Qb6 19. b3 Nb5 20. Nfe2 Nxc3 21. Nxc3 Bb5 22. Rab1 Bxc4 23. bxc4 Qc7 24. Rxb8+ Qxb8 25. Rb1 Qc7 26. Qa4+ Kf8 27. Ne2 Bf6 28. Qxa6 Kg7 29.
g3 Rb8 30. Rb5 Re8 31. Nf4 Be5 32. Nd3 Bf6 33. a4 Qc8 34. Qxc8 Rxc8 35. a5 Ra8 36. Kg2 Kf8 37. Kf3 Ke8 38. Kf4 e6 39. dxe6 fxe6 40. Kf3 Kd7 41. Nf4 1-0

[Event "*** Titled Tuesday Blitz"]
[Site "Chess.com"]
[Date "2020.11.24"]
[Round "1"]
[White "Bulldog167"]
[Black "Kislov_Oleg"]
[Result "0-1"]
[WhiteElo "2632"]
[BlackElo "2352"]
[TimeControl "180+1"]
[EndTime "10:22:30 PST"]
[Termination "Kislov_Oleg won by resignation"]

1. e4 e6 2. d4 d5 3. Nc3 Nf6 4. Bg5 dxe4 5. Nxe4 Be7 6. Bxf6 gxf6 7. Qd2 b6 8. Bb5+ c6 9. Bc4 Qc7 10. O-O-O Bb7 11.
Nf3 Nd7 12. Kb1 O-O-O 13. Rhe1 h6 14. Qe2 f5 15. Nc3 Bf6 16. a3 Rhg8 17. g3 Kb8 18. Qe3 Bg7 19. Ne2 c5 20. d5 Rge8 21. Nf4 e5 22. Nh5 Bh8 23. d6 Qc6 24. Bd5 Qb5 25. c4 Qa4 26. Bxf7 Be4+ 27. Ka2 Rf8 28. b3 Qc6 29.
Bd5 Bxd5 30. Rxd5 e4 31. Nh4 Ne5 32. Qxh6 Nd3 33. Re2 Bd4 34. Kb1 Rh8 35. Qd2 Rxd6 36. Rxd6 Qxd6 37. Nxf5 Qe5 38. g4 Rxh5 39. g5 Qxf5 40. f3 exf3 41. Re8+ Kb7 42. Qe1 Nxe1+ 0-1

[Event "*** Titled Tuesday Blitz"]
[Site "Chess.com"]
[Date "2020.11.24"]
[Round "1"]
[White "mbachez"]
[Black "OK97"]
[Result "0-1"]
[WhiteElo "2398"]
[BlackElo "2766"]
[TimeControl "180+1"]
[EndTime "10:22:31 PST"]
[Termination "OK97 won by resignation"]

1. e4 e6 2. d4 d5 3. Bd3 dxe4 4. Bxe4 Nf6 5. Bf3 c5 6. Ne2 Nc6 7. Be3 cxd4 8. Nxd4 Ne5 9. Nc3 Be7 10. a3 O-O 11. Qe2 Bd7 12. O-O Qc8 13. Rfd1 Nxf3+ 14. Nxf3 Rd8 15. Bd4 Be8 16. Rd2 b6 17. Rad1 Qb7 18.
Ng5 Bc6 19. f3 h6 20. Nge4 Nxe4 21. fxe4 Bg5 22. Be3 Rxd2 23. Rxd2 Bf6 24. Bd4 Bg5 25. Be3 Be7 26. Qg4 Kf8 27. Rf2 Bf6 28. Rxf6 gxf6 29. e5 fxe5 30. Bxh6+ Ke7 31. Qb4+ Kd7 32. Bg5 Re8 33. Qg4 Kc8 34. Bf6 e4 35. Be5 f5 36.
Qg6 Qd7 37. h3 Kb7 38. Kh2 e3 39. Bg3 e5 40. b4 f4 41. Be1 Qe6 42. Qh7+ Re7 43.
Qh8 Qg6 44. g4 Qxc2+ 0-1

[Event "*** Titled Tuesday Blitz"]
[Site "Chess.com"]
[Date "2020.11.24"]
[Round "1"]
[White "Sergey85Rodchenkov"]
[Black "Sanan_Sjugirov"]
[Result "0-1"]
[WhiteElo "2455"]
[BlackElo "2925"]
[TimeControl "180+1"]
[EndTime "10:22:32 PST"]
[Termination "Sanan_Sjugirov won on time"]

1. e4 c6 2. d4 d5 3. exd5 cxd5 4. c4 Nf6 5. Nc3 g6 6. Qb3 Bg7 7. cxd5 O-O 8. Be2 Nbd7 9. Bf3 Nb6 10. Bg5 a5 11. a4 Qd6 12. Nge2 Qb4 13. Qd1 Bf5 14. O-O Qxb2 15. d6 exd6 16. Bxb7 Rab8 17. Bf3 Rfc8 18. Nb5 Bc2 19. Qc1 Qxc1 20. Rfxc1 Bxa4 21. Nxd6 Rxc1+ 22. Rxc1 Nfd5 23. h3 Bb3 24. Nf4 a4 25. Ra1 h6 26.
Nxd5 hxg5 27. Nxb6 Rxb6 28. Nc8 Re6 29. Kf1 Bxd4 30.
Rb1 Bc4+ 31. Kg1 a3 32. Rb8 Kg7 33. Ra8 a2 34. Nb6 Re1+ 35. Kh2 Bxb6 0-1

[Event "*** Titled Tuesday Blitz"]
[Site "Chess.com"]
[Date "2020.11.24"]
[Round "1"]
[White "SpasKozhuharov"]
[Black "otrov-11"]
[Result "1-0"]
[WhiteElo "2681"]
[BlackElo "2356"]
[TimeControl "180+1"]
[EndTime "10:22:32 PST"]
[Termination "SpasKozhuharov won on time"]

1. d4 Nf6 2. c4 e6 3. a3 b6 4. Nc3 Bb7 5. d5 exd5 6. cxd5 c5 7. e4 d6 8. f4 Be7 9. Nf3 O-O 10. Bc4 a6 11. e5 Nfd7 12. a4 Qc8 13. O-O Qc7 14. Qe2 Re8 15. Bd2 Nf8 16. Rae1 Nbd7 17. Qf2 Rad8 18.
Qg3 b5 19. axb5 Nb6 20. b3 dxe5 21. bxa6 Bxd5 22. Nxd5 Nxd5 23. fxe5 Ne6 24. h4 Bf8 25. h5 Nb6 26. Bb5 Re7 27. Be3 Kh8 28. Ng5 Nd4 29.
Bxd4 cxd4 30. e6 Qxg3 31. Nxf7+ Rxf7 32. exf7 Nd5 33. Re8 Ne3 34. Rf2 Qd6 35. a7 Ng4 36.
Rxd8 Qxd8 37. Re2 Qh4 38. Re8 Qh2+ 39. Kf1 Qh1+ 40. Ke2 Qxg2+ 41. Kd3 Qf3+ 42. Kc4 Qc3+ 43. Kd5 Qc5+ 44. Ke4 Nf6+ 45. Kf3 Qd5+ 46. Kf2 Qf5+ 47. Ke1 Qb1+ 48. Kf2 Qf5+ 49. Ke2 Qc2+ 50. Kf1 Qf5+ 51. Kg1 Qb1+ 52. Bf1 Qb2 53. Rxf8+ 1-0

[Event "*** Titled Tuesday Blitz"]
[Site "Chess.com"]
[Date "2020.11.24"]
[Round "1"]
[White "penguingm1"]
[Black "JulAnt"]
[Result "1-0"]
[WhiteElo "2990"]
[BlackElo "2459"]
[TimeControl "180+1"]
[EndTime "10:22:33 PST"]
[Termination "penguingm1 won by resignation"]

1. d4 Nf6 2. g4 Nxg4 3. e4 d5 4. Be2 Nf6 5. e5 Ng8 6. c4 Bf5 7. Nc3 e6 8. Be3 Nc6 9. cxd5 exd5 10. Nf3 Bb4 11. Rg1 Bg6 12. Qb3 Nge7 13. Nh4 O-O 14. O-O-O a5 15. Nxg6 fxg6 16. Kb1 Bxc3 17. Qxc3 Nf5 18.
Bg5 Qd7 19. Bg4 Qf7 20. a3 h6 21. Bc1 Rae8 22. Rd3 Kh8 23. Ka1 Qe7 24. f4 Qh4 25. Rh3 Qf2 26. Rd1 Nfxd4 27. Kb1 Nf5 28. Rxd5 Rd8 29.
Qf3 Qxf3 30. Bxf3 Rxd5 31. Bxd5 Nfe7 32. Be4 Nd4 33. Bxb7 Ne6 34. Rf3 g5 35. fxg5 Rxf3 36. Bxf3 hxg5 37. Bg4 Nf4 38. h4 Neg6 39. hxg5 Nd3 40.
e6 Kg8 41. Bf5 Nxc1 42. Bxg6 Nb3 43. e7 1-0

[Event "*** Titled Tuesday Blitz"]
[Site "Chess.com"]
[Date "2020.11.24"]
[Round "1"]
[White "VerdeNotte"]
[Black "mc4chess"]
[Result "1-0"]
[WhiteElo "2913"]
[BlackElo "2448"]
[TimeControl "180+1"]
[EndTime "10:22:33 PST"]
[Termination "VerdeNotte won on time"]

1. c4 e5 2. g3 Nc6 3. Bg2 g6 4.
Nc3 Bg7 5. Rb1 a5 6. e3 Nf6 7.
Nge2 O-O 8. O-O d6 9. h3 Be6 10. Nd5 Rb8 11. d4 exd4 12. exd4 Bxd5 13. cxd5 Ne7 14.
Qb3 Re8 15. Nc3 Nf5 16. Rd1 Nd7 17. Qa4 Nb6 18. Qxa5 Nxd4 19. h4 Qd7 20. Qb4 Qg4 21.
Bf4 Nf3+ 22. Kh1 Ra8 23. Bxd6 Qxb4 24. Bxb4 Ne5 25. d6 cxd6 26. Bxb7 Rab8 27. Bg2 Nbc4 28. Bxd6 Nxd6 29. Rxd6 Nc4 30. Rc6 Bxc3 31. Rxc4 Rxb2 32.
Rxb2 Bxb2 33. a4 Re7 34. a5 Ra7 35. Ra4 Bc3 36. a6 Kg7 37. Bb7 Be5 38. Kg2 h5 39. Kf3 Bd6 40. Ke4 Bc5 41. Ra2 Bb6 42. Kd5 Kf6 43.
Rb2 Ba5 44. Kc6 Bc3 45. Re2 Bd4 46. Re4 Bc3 47. Kb6 1-0

[Event "*** Titled Tuesday Blitz"]
[Site "Chess.com"]
[Date "2020.11.24"]
[Round "1"]
[White "grzechu96"]
[Black "SergeyShtyka"]
[Result "1-0"]
[WhiteElo "2687"]
[BlackElo "2363"]
[TimeControl "180+1"]
[EndTime "10:22:33 PST"]
[Termination "grzechu96 won by resignation"]

1. e4 c5 2. Nc3 Nc6 3. Bb5 g6 4.
Bxc6 dxc6 5. d3 Bg7 6. f4 e5 7.
Nf3 exf4 8. Bxf4 Ne7 9. Qd2 O-O 10. Bh6 Bg4 11. Bxg7 Kxg7 12. O-O-O Bxf3 13. gxf3 f5 14. h4 f4 15. Rdg1 Qd4 16. Ne2 Qe3 17. Qxe3 fxe3 18.
f4 c4 19. Rh3 cxd3 20. cxd3 c5 21. Rxe3 Nc6 22. h5 Nd4 23. hxg6 Nxe2+ 24. Rxe2 Rxf4 25. gxh7+ Kh8 26. Reg2 Raf8 27. Rg8+ Kxh7 28. R1g7+ Kh6 29. Rxf8 Rxf8 30. Rxb7 Rf3 31. Kc2 Kg5 32. Rb5 Kf4 33. Rxc5 Ke3 34. Rd5 Rf8 35. b4 Rc8+ 36. Kb3 Kd2 37.
b5 Kc1 38. a4 a6 39. bxa6 Rc6 40. Ra5 Rc8 41. a7 Ra8 42. e5 Kb1 43. e6 Ka1 44. Re5 1-0